 Dungeon Crawl Stone Soup version 0.30-a0-824-g6c64550be9 (webtiles) character file.

Game seed: 13424895435789055843

76 sircluck the Covert (level 4, -2/41 HPs)
             Began as a Gnoll Delver on Feb 27, 2023.
             Slain by a troll (16 damage)
             ... on level 6 of the Dungeon.
             The game lasted 00:00:53 (263 turns).

sircluck the Covert (Gnoll Delver)                   Turns: 263, Time: 00:00:54

Health: -2/41      AC:  3    Str: 14    XL:     4   Next: 32%
Magic:  5/5        EV: 13    Int:  9    God:
Gold:   13         SH:  0    Dex: 13    Spells: 5/5 levels left

rFire   . . .      SeeInvis .    a - +0 spear
rCold   . . .      Faith    .    (no shield)
rNeg    . . .      Spirit   .    b - +0 leather armour
rPois   .          Reflect  .    (no helmet)
rElec   .          Harm     .    (no cloak)
rCorr   .          Rampage  .    (no gloves)
Will    .....                    (no boots)
Stlth   ++++                     (no amulet)
HPRegen 0.26/turn                (no ring)
MPRegen 0.09/turn                (no ring)

@: hasted, very quick
A: fangs 1, strong nose, distributed training
a: no special abilities


You were on level 6 of the Dungeon.
You visited 1 branch of the dungeon, and saw 3 of its levels.

You collected 13 gold pieces.

Inventory:

Hand Weapons
 a - a +0 spear (weapon)
Missiles
 i - 9 stones (quivered)
Armour
 b - a +0 leather armour (worn)
Wands
 g - a wand of digging (3)
Scrolls
 c - a scroll of fog
 d - 2 scrolls of magic mapping
 e - a scroll of fear
 h - a scroll of blinking {unknown}


   Skills:
 + Level 6.6 Fighting
 + Level 1.1 Short Blades
 + Level 1.1 Long Blades
 + Level 1.1 Axes
 + Level 1.1 Maces & Flails
 + Level 4.6 Polearms
 + Level 1.1 Staves
 + Level 1.1 Ranged Weapons
 + Level 1.1 Throwing
 + Level 1.1 Armour
 + Level 4.6 Dodging
 + Level 9.6 Stealth
 + Level 1.1 Shields
 + Level 1.1 Unarmed Combat
 + Level 1.1 Spellcasting
 + Level 0.9 Conjurations
 + Level 0.9 Hexes
 + Level 0.9 Summonings
 + Level 0.9 Necromancy
 + Level 0.9 Translocations
 + Level 0.9 Transmutations
 + Level 0.9 Fire Magic
 + Level 0.9 Ice Magic
 + Level 0.9 Air Magic
 + Level 0.9 Earth Magic
 + Level 0.9 Poison Magic
 + Level 1.2 Invocations
 + Level 1.1 Evocations


You had 5 spell levels left.
You didn't know any spells.
Your spell library was empty.

Dungeon Overview and Level Annotations

Branches:
Dungeon (7/15)
 Temple: D:4-7

Altars:


Innate Abilities, Weirdness & Mutations

You have very sharp teeth.
Your uncanny sense of smell can sniff out nearby items.
Your experience applies equally to all skills.


Message History

The adder closely misses you. The adder bites you.
You completely miss the adder.
The adder is severely wounded.
The adder bites you.
You are poisoned.
The adder poisons you!
You miss the adder.
The adder is severely wounded.
You feel sick. The adder barely misses you.
You hit the adder but do no damage.
The adder is severely wounded.
The adder closely misses you.
You hit the adder.
You kill the adder!
You feel sick.
You feel sick.
You feel sick.
You feel sick.
You are no longer poisoned.
i - 9 stones (gained 6)
Found 5 stones.
A troll comes into view.
The troll shouts!
You feel yourself speed up.
Reach: a) +0 spear
Press: ? - help, Dir - move target, f - troll
Aim: a troll (about 35% to evade your +0 spear)
You reach to attack!
You barely miss the troll. You closely miss the troll.
You bite the troll, but do no damage. You hit the troll but do no damage.
The troll bites you. The troll claws you. The troll closely misses you.
You barely miss the troll. You hit the troll.
The troll is lightly wounded.
The troll bites you! The troll claws you.
The troll claws you but does no damage.
You hit the troll but do no damage.
The troll is lightly wounded.
The troll bites you!
You die...

#..# ### ...# #.#
#..## #.#######...#
#........>#.#
#.......###.#######
#######.##........#
#.##........# ∆
#....@T(....#
####........#
#........#
##########


You could see a troll.

Vanquished Creatures
  A bullfrog (D:7)
  An adder (D:6)
2 creatures vanquished.

Notes
Turn   | Place    | Note
-------+----------+-------------------------------------------
     0 | D:5      | Reached skill level 9 in Stealth
     0 | D:5      | sircluck the Gnoll Delver began the quest for the Orb.
     0 | D:5      | Reached XP level 1. HP: 23/23 MP: 1/1
    21 | D:5      | You fall into a shaft and drop 2 floors!
    24 | D:7      | Noticed a bullfrog
    38 | D:7      | HP: 1/23 [bullfrog (6)]
    39 | D:7      | Killed a bullfrog
    40 | D:7      | Reached skill level 1 in Short Blades
    40 | D:7      | Reached skill level 1 in Long Blades
    40 | D:7      | Reached skill level 1 in Axes
    40 | D:7      | Reached skill level 1 in Maces & Flails
    40 | D:7      | Reached skill level 1 in Staves
    40 | D:7      | Reached skill level 1 in Ranged Weapons
    40 | D:7      | Reached skill level 1 in Throwing
    40 | D:7      | Reached skill level 1 in Armour
    40 | D:7      | Reached skill level 1 in Shields
    40 | D:7      | Reached skill level 1 in Unarmed Combat
    40 | D:7      | Reached skill level 1 in Spellcasting
    40 | D:7      | Reached skill level 1 in Invocations
    40 | D:7      | Reached skill level 1 in Evocations
    40 | D:7      | Reached XP level 2. HP: 2/29 MP: 1/3
    40 | D:7      | Reached XP level 3. HP: 2/35 MP: 1/4
    40 | D:7      | Reached XP level 4. HP: 3/41 MP: 1/5
   254 | D:6      | Noticed a troll
   263 | D:6      | Slain by a troll

Illustrated notes

Levels and vault maps discovered:
D:5:      layout_basic, overflow_temple_1_default, uniq_sigmund
D:6:      layout_rooms, bloody_trog, uniq_crazy_yiuf_cottage
D:7:      layout_rooms, lemuel_coloured_pillars_altar, lemuel_temple_firewalk_b

Skill      XL: |  1 |
---------------+----+-----
Stealth        | |  9.6
Short Blades   | 1 |  1.1
Long Blades    | 1 |  1.1
Axes           | 1 |  1.1
Maces & Flails | 1 |  1.1
Staves         | 1 |  1.1
Ranged Weapons | 1 |  1.1
Throwing       | 1 |  1.1
Armour         | 1 |  1.1
Shields        | 1 |  1.1
Unarmed Combat | 1 |  1.1
Spellcasting   | 1 |  1.1
Invocations    | 1 |  1.2
Evocations     | 1 |  1.1
Fighting       | |  6.6
Polearms       | |  4.6
Dodging        | |  4.6
Conjurations   | |  0.9
Hexes          | |  0.9
Summonings     | |  0.9
Necromancy     | |  0.9
Translocations | |  0.9
Transmutations | |  0.9
Fire Magic     | |  0.9
Ice Magic      | |  0.9
Air Magic      | |  0.9
Earth Magic    | |  0.9
Poison Magic   | |  0.9

Action                     |  1- 3 |  4- 6 || total
---------------------------+-------+-------++-------
  Melee: Spear             |    10 |    13 ||    23
         Bite              |     2 |     1 ||     3
    Use: Potion            |       |     1 ||     1
 Armour: Leather armour    |     1 |     2 ||     3
  Dodge: Dodged            |     7 |     4 ||    11

Table legend: (Time is in decaauts)
 A = Elapsed time spent in this place.
 B = Non-inter-level travel time spent in this place.
 C = Inter-level travel time spent in this place.
 D = Time resting spent in this place.
 E = Time spent auto-exploring this place.
 F = Levels seen in this place.
 G = Mean time per level.
                   A        B        C        D        E       F      G
               +--------+--------+--------+--------+--------+-----+--------+
         Total |    259 |    259 |      0 |    145 |      0 |   3 |   86.3 |
       Dungeon |    259 |    259 |      0 |    145 |      0 |   3 |   86.3 |
               +--------+--------+--------+--------+--------+-----+--------+

Top non-repeatable levels by time:
     D:7: 198 daAuts
     D:6: 40 daAuts
     D:5: 21 daAuts
